 Dungeon Crawl Stone Soup version 0.28.0-47-ge53b351184 (webtiles) character file.

Game seed: 4979004033948510752

150 enile the Digger (level 5, 0/36 HPs)
             Began as a Formicid Earth Elementalist on May 1, 2022.
             Was a Follower of Hepliaklqana.
             Slain by a wyvern zombie (7 damage)
             ... on level 6 of the Dungeon.
             The game lasted 00:04:37 (3065 turns).

enile the Digger (Formicid Earth Elementalist)      Turns: 3065, Time: 00:04:38

Health: 0/36       AC:  2    Str: 12    XL:     5   Next: 58%
Magic:  2/8        EV: 12    Int: 17    God:    Hepliaklqana [*.....]
Gold:   83         SH:  0    Dex: 11    Spells: 4/8 levels left

rFire   . . .      SeeInvis +   (no weapon)
rCold   . . .      Faith    .   (no shield)
rNeg    . . .      Spirit   .   b - +0 robe
rPois   .          Reflect  .   (helmet unavailable)
rElec   .          Harm     .   (no cloak)
rCorr   .          Rampage  .   (no gloves)
Will    .....                   (no boots)
Stlth   ++........              (no amulet)
HPRegen 0.12/turn               h - ring of flight
MPRegen 0.11/turn               (no ring)

@: flying
A: reduced essence, permanent stasis, dig shafts and tunnels, antennae 3, four
strong arms
a: Dig, Shaft Self, Renounce Religion, Recall Ancestor, Ancestor Identity


You were on level 6 of the Dungeon.
You worshipped Hepliaklqana.
Hepliaklqana was aware of your devotion.
You visited 1 branch of the dungeon, and saw 4 of its levels.

You collected 83 gold pieces.

Inventory:

Hand Weapons
 j - a -3 dagger
Missiles
 f - 6 silver javelins
 k - 13 stones
Armour
 b - a +0 robe (worn)
Jewellery
 h - a ring of flight (left hand)
Scrolls
 a - a scroll of magic mapping
 g - a scroll of blinking
 i - a scroll of noise
Potions
 c - a potion of degeneration
 d - a potion of haste {unknown}
 e - 2 potions of curing


   Skills:
 + Level 3.4 Fighting
 - Level 1.7 Dodging
 - Level 2.4 Stealth
 - Level 2.1 Spellcasting
 - Level 1.1 Transmutations
 - Level 5.7 Earth Magic


You had 4 spell levels left.
You knew the following spells:

 Your Spells              Type           Power      Damage    Failure   Level
a - Sandblast             Erth           42%        2d11      1%          1
b - Stone Arrow           Conj/Erth      22%        3d8       17%         3

Your spell library contained the following spells:

 Spells                   Type           Power      Damage    Failure   Level
 Passwall                 Tmut/Erth      10%        N/A       7%          2
 Petrify                  Tmut/Erth      13%        N/A       43%         4


Dungeon Overview and Level Annotations

Branches:
Dungeon (3/15)

Altars:
Gozag
Hepliaklqana

Shops:
D:3 [:?


Innate Abilities, Weirdness & Mutations

Your life essence is reduced to manifest your ancestor. (-10% HP)
You cannot be hasted, slowed, berserked, paralysed or teleported.
You can dig through walls and to a lower floor.
You have a pair of large antennae on your head. (SInv)
Your four strong arms can wield two-handed weapons with a shield.


Message History

Aiming: Sandblast (safe; 1% risk of failure)
Press: ? - help, Shift-Dir - straight line, f/p - wyvern zombie
Aim: a wyvern zombie (lightly damaged, 93% to hit)
The blast of sand hits the wyvern zombie but does no damage.
The wyvern zombie is lightly damaged.
The wyvern zombie bites you!
Casting: Sandblast (safe; 1% risk of failure)
Confirm with . or Enter, or press ? or * to list all spells.
Aiming: Sandblast (safe; 1% risk of failure)
Press: ? - help, Shift-Dir - straight line, f/p - wyvern zombie
Aim: a wyvern zombie (lightly damaged, 93% to hit)
The blast of sand hits the wyvern zombie!
The wyvern zombie is heavily damaged.
The wyvern zombie barely misses you. The wyvern zombie bites you!
Casting: Sandblast (safe; 1% risk of failure)
Confirm with . or Enter, or press ? or * to list all spells.
Aiming: Sandblast (safe; 1% risk of failure)
Press: ? - help, Shift-Dir - straight line, f/p - wyvern zombie
Aim: a wyvern zombie (heavily damaged, 93% to hit)
The blast of sand hits the wyvern zombie!
The wyvern zombie is severely damaged.
The wyvern zombie bites you!
* * * LOW HITPOINT WARNING * * *
Casting: Sandblast (safe; 1% risk of failure)
Confirm with . or Enter, or press ? or * to list all spells.
Aiming: Sandblast (safe; 1% risk of failure)
Press: ? - help, Shift-Dir - straight line, f/p - wyvern zombie
Aim: a wyvern zombie (severely damaged, 93% to hit)
The blast of sand hits the wyvern zombie!
The wyvern zombie is almost destroyed.
The wyvern zombie misses you.
Casting: Sandblast (safe; 1% risk of failure)
Confirm with . or Enter, or press ? or * to list all spells.
Aiming: Sandblast (safe; 1% risk of failure)
Press: ? - help, Shift-Dir - straight line, f/p - wyvern zombie
Aim: a wyvern zombie (almost destroyed, 93% to hit)
The blast of sand hits the wyvern zombie.
The wyvern zombie is almost destroyed.
The wyvern zombie bites you!
You die...

#.....[# #......#.....#
#...†..#.....#
#......#.....#
###....#.....#+
..##########<...#.......
................#.......
................#.......
................@.......
................#Z......
####............#.......
#............+.......
+............#.......
#......##....#.......
.... #....#.....<. ...
#....#######+ .. #....#


You could see a wyvern zombie.

Vanquished Creatures
  A necrophage (D:6)
  2 adders (D:3)
  An orc (D:3)
  2 endoplasms
  A giant cockroach (D:3)
  6 goblins
  4 hobgoblins
  7 kobolds
  3 quokkas
  7 ball pythons
  5 bats
  2 frilled lizards
  7 rats
48 creatures vanquished.

Vanquished Creatures (collateral kills)
  A goblin (D:3)
1 creature vanquished.

Grand Total: 49 creatures vanquished

Notes
Turn   | Place    | Note
-------+----------+-------------------------------------------
     0 | D:1      | enile the Formicid Earth Elementalist began the quest for
                  | the Orb.
     0 | D:1      | Reached XP level 1. HP: 13/13 MP: 3/3
   199 | D:1      | Reached skill level 4 in Earth Magic
   260 | D:1      | Reached XP level 2. HP: 19/19 MP: 1/5
   801 | D:1      | Reached XP level 3. HP: 24/24 MP: 2/6
  1015 | D:2      | Reached skill level 5 in Earth Magic
  1242 | D:2      | You are sucked into a shaft and drop 1 floor!
  1346 | D:3      | Found Wiumnov's Armour Emporium.
  1381 | D:3      | Learned a level 3 spell: Stone Arrow
  1846 | D:3      | Found Dyoneff's Book Shop.
  2071 | D:3      | Found Jovi's Magic Scroll Emporium.
  2139 | D:3      | Reached XP level 4. HP: 15/30 MP: 3/7
  2415 | D:3      | Found an opulent altar of Gozag.
  2427 | D:3      | Found a faded altar of an unknown god.
  2489 | D:3      | Reached skill level 1 in Fighting
  2579 | D:3      | Prayed at the altar of an unknown god.
  2579 | D:3      | Became a worshipper of Hepliaklqana the Forgotten
  2579 | D:3      | Reached * piety under Hepliaklqana
  2679 | D:3      | Noticed a necrophage
  2692 | D:3      | You are sucked into a shaft and drop 3 floors!
  3018 | D:6      | Noticed a necrophage
  3023 | D:6      | Killed a necrophage
  3024 | D:6      | Reached XP level 5. HP: 32/36 MP: 4/8
  3065 | D:6      | Slain by a wyvern zombie

Illustrated notes

Levels and vault maps discovered:
D:1:      psy_arrival_radial01, layout_basic
D:2:      layout_basic, st_stairs_10
D:3:      layout_basic, overflow_temple_1_default,
          ebering_ecumenical_altar_rust, serial_shops,
          nicolae_shop_temple_entry_statues_fountains, nicolae_shop_stone, shop
D:6:      layout_gridville

Skill      XL: |  1  2  3  4 |
---------------+-------------+-----
Earth Magic    | 4 5 |  5.7
Fighting       | 3 |  3.4
Dodging        | |  1.7
Stealth        | |  2.4
Spellcasting   | |  2.1
Transmutations | |  1.1

Action                   |  1- 3 |  4- 6 || total
-------------------------+-------+-------++-------
Melee: Unarmed           |   112 |     8 ||   120
       Punch             |     2 |       ||     2
 Cast: Sandblast         |    41 |     9 ||    50
       Stone Arrow       |     2 |     1 ||     3
 Abil: Shaft Self        |     1 |     1 ||     2
  Use: Scroll            |     5 |       ||     5
       Potion            |     1 |       ||     1
 Stab: Invisible         |     2 |       ||     2
       Sleeping          |     1 |       ||     1
Armor: Robe              |    23 |       ||    23
Dodge: Dodged            |    91 |     8 ||    99
